Blackhawks vs Bruins
Created - March 18, 2021 at 20:11
Goals
|
| Blackhawks |
2 |
1 |
1 |
0 |
1 |
4 |
| Bruins |
1 |
2 |
1 |
0 |
2 |
5 |
|
Shots
|
| Blackhawks |
6 |
11 |
14 |
1 |
5 |
32 |
| Bruins |
8 |
16 |
3 |
0 |
5 |
27 |
|
1st period
1. Blackhawks , Jordan Staal 19 (Antoine Roussel 40) at 1:06 (PP)
2. Blackhawks , Tim Connolly 14 (Patrick Marleau 18) at 4:02
3. Bruins , Jonathan Toews 31 (Scott Hartnell 15, Victor Oreskovich 26) at 16:42
Penalties :
Wojtek Wolski (Bos) for Interference (Minor) at 0:12, Mike Comrie (Chi) for Holding (Minor) at 5:39, Jamie McBain (Chi) for Roughing (Minor) at 17:00
2nd period
4. Bruins , Matt Read 10 (Jonathan Toews 34, Johnny Boychuk 11) at 14:56
5. Bruins , Wojtek Wolski 28 (Henrik Sedin 37, Zack Kassian 33) at 16:29
6. Blackhawks , Antoine Roussel 32 (Jordan Staal 20, Matthew Spiller 8) at 17:28
Penalties :
Zack Kassian (Bos) for Interference (Minor) at 0:22, Ryan Whitney (Chi) for Tripping (Minor) at 5:33, Blake Wheeler (Chi) for Roughing (Minor) at 8:09, Victor Oreskovich (Bos) for Hooking (Minor) at 11:50
3rd period
7. Blackhawks , Rick Nash 17 (Antoine Roussel 41, Jimmy Howard) at 6:28 (PP)
8. Bruins , T.J Galiardi 7 (Mike Ribeiro 8) at 16:26
Penalties :
Jonathan Toews (Bos) for Hooking (Minor) at 6:16, Jason Demers (Bos) for Kneeing (Major) at 7:14, Blake Wheeler (Chi) for Slashing (Minor) at 14:07, Henrik Sedin (Bos) for Cross-checking (Minor) at 18:58
Overtime #1
No Goal
Penalties :
No Penalty
Shootout
Blackhawks, Antoine Roussel - Shot Misses the Net
Bruins, Wojtek Wolski - Goal!
Blackhawks, Jordan Staal - Goal!
Bruins, Zack Kassian - Stopped by Jimmy Howard
Blackhawks, Derick Brassard - Shot Misses the Net
Bruins, Henrik Sedin - Stopped by Jimmy Howard
Blackhawks, Johnny Gaudreau - Stopped by Kevin Poulin
Bruins, Jonathan Toews - Shot Misses the Net
Blackhawks, Rick Nash - Stopped by Kevin Poulin
Bruins, Scott Hartnell - Goal!
Penalties :
No Penalty
Goalie Stats
Jimmy Howard (Chi), 23 saves from 27 shots - (0.852), OTL, 24-19-4, 65:00 minutes
Kevin Poulin (Bos), 28 saves from 32 shots - (0.875), W, 35-15-3, 65:00 minutes
Players Stats for Blackhawks
Player Name G A P +/- PIM S H SB GA TA FO MP PP MP PK MP
------------------------------------------------------------------------------------
Antoine Roussel 1 2 3 -1 0 6 1 0 2 0 3/11 26:42 5:19 5:35
Blake Wheeler 0 0 0 -2 4 0 0 1 0 0 0/0 14:27 4:50 0:00
Derick Brassard 0 0 0 -2 0 2 1 0 0 1 8/12 17:56 4:50 2:53
Dustin Kohn 0 0 0 0 0 0 2 1 0 0 0/0 10:54 0:23 1:13
Gabriel Bourque 0 0 0 0 0 0 0 0 0 1 0/0 7:56 0:32 0:12
Garnet Hathaway 0 0 0 0 0 1 0 0 0 1 0/0 7:24 0:30 0:00
Gustav Nyquist 0 0 0 1 0 1 1 0 0 0 0/0 9:09 0:00 0:00
Jamie McBain 0 0 0 -2 2 1 0 3 0 3 0/0 31:56 6:36 4:37
Johnny Gaudreau 0 0 0 -2 0 1 3 0 0 0 0/1 19:29 4:50 4:01
Jordan Staal 1 1 2 -1 0 4 8 1 0 0 16/32 26:46 5:24 5:31
Matthew Spiller 0 1 1 0 0 2 1 1 0 1 0/0 22:26 4:05 4:05
Mike Comrie 0 0 0 0 2 1 2 1 0 0 4/4 8:55 0:51 0:00
Nick Leddy 0 0 0 0 0 2 2 0 0 1 0/0 22:32 4:05 4:05
Patrick Marleau 0 1 1 1 0 1 1 0 0 2 0/0 11:37 0:00 1:38
Rick Nash 1 0 1 -1 0 3 3 0 1 0 1/2 18:33 5:21 0:00
Ryan Whitney 0 0 0 0 2 0 1 1 0 0 0/0 9:26 0:23 0:00
Tim Connolly 1 0 1 1 0 6 0 0 0 0 2/7 11:04 0:45 0:00
Torey Krug 0 0 0 -2 0 1 0 1 1 0 0/0 32:48 6:36 5:50
Players Stats for Bruins
Player Name G A P +/- PIM S H SB GA TA FO MP PP MP PK MP
------------------------------------------------------------------------------------
Brendan Smith 0 0 0 1 0 1 3 5 0 2 0/0 31:58 5:09 6:48
Casey Cizikas 0 0 0 0 0 0 1 0 0 0 1/2 6:33 0:00 0:34
Dan Hamhuis 0 0 0 0 0 2 1 2 0 0 0/0 23:08 4:46 4:40
Henrik Sedin 0 1 1 0 2 1 2 0 1 0 18/31 21:54 5:32 2:46
Ian Cole 0 0 0 1 0 0 0 0 0 0 0/0 10:05 0:00 1:00
Jason Demers 0 0 0 1 5 1 0 1 1 1 0/0 29:37 5:09 4:28
Johnny Boychuk 0 1 1 0 0 0 0 1 0 0 0/0 23:18 4:46 4:35
Jonathan Toews 1 1 2 0 2 1 1 0 0 0 3/9 17:36 4:09 2:59
Kris Chucko 0 0 0 0 0 0 2 0 2 0 0/0 8:24 0:00 2:25
Matt Read 1 0 1 2 0 2 0 0 1 0 0/0 11:53 0:07 0:00
Mike Ribeiro 0 1 1 2 0 2 0 0 1 0 5/9 12:10 0:14 0:00
Rene Bourque 0 0 0 0 0 0 1 1 0 0 0/0 5:59 0:00 0:00
Scott Hartnell 0 1 1 0 0 2 2 0 0 0 1/1 14:22 4:09 0:41
Slava Voynov 0 0 0 1 0 0 1 0 0 0 0/0 11:53 0:00 2:33
T.J Galiardi 1 0 1 2 0 3 2 0 2 1 2/7 14:37 0:00 3:23
Victor Oreskovich 0 1 1 0 2 3 2 0 0 0 0/0 13:43 4:09 0:00
Wojtek Wolski 1 0 1 0 2 7 2 0 0 0 5/8 25:53 5:46 5:42
Zack Kassian 0 1 1 0 2 2 3 0 2 0 0/2 24:49 5:39 4:36
3 Stars
1 - Jordan Staal (Chi)
2 - T.J Galiardi (Bos)
3 - Antoine Roussel (Chi)
Power Play
Blackhawks - 2 on 6 Attempt(s) - 33.33%
Bruins - 0 on 5 Attempt(s) - 0.00%
Penalty Kill
Blackhawks - 5 on 5 Attempt(s) - 100.00%
- Score 0 goal in Penalty Kill
Bruins - 4 on 6 Attempt(s) - 66.67%
- Score 0 goal in Penalty Kill
Team Stat
Blackhawks - Hits : 26 - Faceoff Wins : 34 - Blocked Shots : 10 - Penalty Minutes : 10
Bruins - Hits : 23 - Faceoff Wins : 35 - Blocked Shots : 10 - Penalty Minutes : 15
Official
Referees : Unknown
Linesman : Unknown
Game Notes
4:18 of 1st period - Bruins goal is going for a video replay. After video review, No Goal. The net was displaced accidentally.
Finance
Level 1 -- Attendance: 4287 (71.45%) -- Ticket Income $531,588
Level 2 -- Attendance: 4115 (82.30%) -- Ticket Income $308,625
Level 3 -- Attendance: 1562 (78.10%) -- Ticket Income $68,728
Level 4 -- Attendance: 3913 (97.83%) -- Ticket Income $113,477
Luxury Box -- Attendance: 785 (78.50%) -- Ticket Income $171,915
Game was played at the TD Banknorth Garden.
Total Attendance: 14662 (81.46%)
Total Ticket Income: $1,194,333
Other Income: $179,150
Total Income: $1,373,483
Blackhawks
5 vs 5 Forward
Center Left Wing Right Wing Time % Phy DF OF
1 Jordan Staal Antoine Roussel Rick Nash 40 1 2 2
2 Derick Brassard Johnny Gaudreau Blake Wheeler 30 1 2 2
3 Tim Connolly Patrick Marleau Gustav Nyquist 20 1 2 2
4 Mike Comrie Gabriel Bourque Garnet Hathaway 10 1 2 2
5 vs 5 Defense
Defense Defense Time % Phy DF OF
1 Jamie McBain Torey Krug 40 1 2 2
2 Matthew Spiller Nick Leddy 30 1 2 2
3 Ryan Whitney Dustin Kohn 20 1 2 2
4 Jamie McBain Torey Krug 10 1 2 2
PowerPlay Forward
Center Left Wing Right Wing Time % Phy DF OF
1 Jordan Staal Antoine Roussel Rick Nash 60 1 2 2
2 Derick Brassard Johnny Gaudreau Blake Wheeler 40 1 2 2
PowerPlay Defense
Defense Defense Time % Phy DF OF
1 Jamie McBain Torey Krug 60 1 2 2
2 Matthew Spiller Nick Leddy 40 1 2 2
Penalty Kill 4 Players Forward
Center Wing Time % Phy DF OF
1 Antoine Roussel Jordan Staal 60 1 2 2
2 Derick Brassard Johnny Gaudreau 40 1 2 2
Penalty Kill 4 Players Defense
Defense Defense Time % Phy DF OF
1 Jamie McBain Torey Krug 60 1 2 2
2 Matthew Spiller Nick Leddy 40 1 2 2
Penalty Kill - 3 Players Forward
Forward Time % Phy DF OF
1 Antoine Roussel 60 1 2 2
2 Jordan Staal 40 1 2 2
Penalty Kill - 3 Players Defense
Defense Defense Time % Phy DF OF
1 Jamie McBain Torey Krug 60 1 2 2
2 Matthew Spiller Nick Leddy 40 1 2 2
4 vs 4 Forward
Center Wing Time % Phy DF OF
1 Antoine Roussel Jordan Staal 60 1 2 2
2 Derick Brassard Johnny Gaudreau 40 1 2 2
4 vs 4 Defense
Defense Defense Time % Phy DF OF
1 Jamie McBain Torey Krug 60 1 2 2
2 Matthew Spiller Nick Leddy 40 1 2 2
Last Minutes Offensive
Center Left Wing Right Wing Defense Defense
Jordan Staal Antoine Roussel Rick Nash Jamie McBain Torey Krug
Last Minutes Defensive
Center Left Wing Right Wing Defense Defense
Jordan Staal Antoine Roussel Rick Nash Jamie McBain Torey Krug
Goaltenders
Starting : Jimmy Howard
Backup : Pekka Rinne
Extra Forwards
Normal : Tim Connolly, Mike Comrie, Patrick Marleau - PP : Tim Connolly, Mike Comrie - PK : Patrick Marleau
Extra Defensemen
Normal : Ryan Whitney, Dustin Kohn, Matthew Spiller - PP : Ryan Whitney - PK : Dustin Kohn, Matthew Spiller
Penalty Shots
Antoine Roussel, Jordan Staal, Derick Brassard, Johnny Gaudreau, Rick Nash
Scratches
John Carlson (Suspend)
Bruins
5 vs 5 Forward
Center Left Wing Right Wing Time % Phy DF OF
1 Henrik Sedin Wojtek Wolski Zack Kassian 40 1 2 2
2 Jonathan Toews Scott Hartnell Victor Oreskovich 30 1 2 2
3 Mike Ribeiro T.J Galiardi Matt Read 20 1 2 2
4 Casey Cizikas Kris Chucko Rene Bourque 10 1 2 2
5 vs 5 Defense
Defense Defense Time % Phy DF OF
1 Jason Demers Brendan Smith 40 1 2 2
2 Johnny Boychuk Dan Hamhuis 30 1 2 2
3 Ian Cole Slava Voynov 20 1 2 2
4 Jason Demers Brendan Smith 10 1 2 2
PowerPlay Forward
Center Left Wing Right Wing Time % Phy DF OF
1 Henrik Sedin Wojtek Wolski Zack Kassian 60 1 2 2
2 Jonathan Toews Scott Hartnell Victor Oreskovich 40 1 2 2
PowerPlay Defense
Defense Defense Time % Phy DF OF
1 Jason Demers Brendan Smith 60 1 2 2
2 Johnny Boychuk Dan Hamhuis 40 1 2 2
Penalty Kill 4 Players Forward
Center Wing Time % Phy DF OF
1 Wojtek Wolski Zack Kassian 60 1 2 2
2 Henrik Sedin Jonathan Toews 40 1 2 2
Penalty Kill 4 Players Defense
Defense Defense Time % Phy DF OF
1 Jason Demers Brendan Smith 60 1 2 2
2 Johnny Boychuk Dan Hamhuis 40 1 2 2
Penalty Kill - 3 Players Forward
Forward Time % Phy DF OF
1 Wojtek Wolski 60 1 2 2
2 Zack Kassian 40 1 2 2
Penalty Kill - 3 Players Defense
Defense Defense Time % Phy DF OF
1 Jason Demers Brendan Smith 60 1 2 2
2 Johnny Boychuk Dan Hamhuis 40 1 2 2
4 vs 4 Forward
Center Wing Time % Phy DF OF
1 Wojtek Wolski Zack Kassian 60 1 2 2
2 Henrik Sedin Jonathan Toews 40 1 2 2
4 vs 4 Defense
Defense Defense Time % Phy DF OF
1 Jason Demers Brendan Smith 60 1 2 2
2 Johnny Boychuk Dan Hamhuis 40 1 2 2
Last Minutes Offensive
Center Left Wing Right Wing Defense Defense
Henrik Sedin Wojtek Wolski Zack Kassian Jason Demers Brendan Smith
Last Minutes Defensive
Center Left Wing Right Wing Defense Defense
Henrik Sedin Wojtek Wolski Zack Kassian Jason Demers Brendan Smith
Goaltenders
Starting : Kevin Poulin
Backup : Josh Tordjman
Extra Forwards
Normal : Mike Ribeiro, Matt Read, T.J Galiardi - PP : Mike Ribeiro, Matt Read - PK : T.J Galiardi
Extra Defensemen
Normal : Ian Cole, Slava Voynov, Johnny Boychuk - PP : Ian Cole - PK : Slava Voynov, Johnny Boychuk
Penalty Shots
Wojtek Wolski, Zack Kassian, Henrik Sedin, Jonathan Toews, Scott Hartnell
Scratches
Miikka Salomaki (Healthy)
% Time on Ice - Blackhawks
Lines # - Real PCT - Wanted PCT - Time Play
Normal Forward
1 - 35% - 40% - 13:42
2 - 24% - 30% - 9:16
3 - 23% - 20% - 9:09
4 - 18% - 10% - 6:54
Normal Defense
1 - 44% - 40% - 17:20
2 - 32% - 30% - 12:27
3 - 22% - 20% - 8:24
4 - 2% - 10% - 0:50
PP Forward
1 - 54% - 60% - 5:58
2 - 46% - 40% - 5:06
PP Defense
1 - 63% - 60% - 6:59
2 - 37% - 40% - 4:05
PK Forward
1 - 72% - 60% - 7:09
2 - 28% - 40% - 2:46
PK Defense
1 - 59% - 60% - 5:50
2 - 41% - 40% - 4:05
PK3 Forward
1 - 0% - 60%
2 - 0% - 40%
PK3 Defense
1 - 0% - 60%
2 - 0% - 40%
44 Forward
1 - 81% - 60% - 4:03
2 - 19% - 40% - 0:57
44 Defense
1 - 64% - 60% - 3:11
2 - 36% - 40% - 1:49
Last Minute Offensive - 0:00
Last Minute Defensive - 0:00
Total
Forward - 65:00
Defense - 65:00
|
% Time on Ice - Bruins
Lines # - Real PCT - Wanted PCT - Time Play
Normal Forward
1 - 33% - 40% - 12:43
2 - 25% - 30% - 9:35
3 - 28% - 20% - 10:44
4 - 15% - 10% - 5:59
Normal Defense
1 - 45% - 40% - 17:31
2 - 30% - 30% - 11:53
3 - 23% - 20% - 9:05
4 - 1% - 10% - 0:32
PP Forward
1 - 58% - 60% - 5:46
2 - 42% - 40% - 4:09
PP Defense
1 - 52% - 60% - 5:09
2 - 48% - 40% - 4:46
PK Forward
1 - 73% - 60% - 8:05
2 - 27% - 40% - 2:59
PK Defense
1 - 67% - 60% - 7:25
2 - 33% - 40% - 3:39
PK3 Forward
1 - 91% - 60% - 0:53
2 - 9% - 40% - 0:05
PK3 Defense
1 - 72% - 60% - 0:42
2 - 28% - 40% - 0:16
44 Forward
1 - 78% - 60% - 3:08
2 - 22% - 40% - 0:54
44 Defense
1 - 55% - 60% - 2:13
2 - 45% - 40% - 1:49
Last Minute Offensive - 0:00
Last Minute Defensive - 0:00
Total
Forward - 65:00
Defense - 65:00
|
Play-by-Play
1st period
0:01 of 1st period - Rick Nash wins face-off versus Henrik Sedin in neutral zone.
0:10 of 1st period - Snap shot by Jordan Staal.
0:10 of 1st period - Stopped by Kevin Poulin with a rebound.
0:12 of 1st period - Minor Penalty to Wojtek Wolski for Interference.
0:13 of 1st period - Jordan Staal wins face-off versus T.J Galiardi in Bruins zone.
0:19 of 1st period - Slapshot by Antoine Roussel.
0:19 of 1st period - Shot Misses the Net.
0:40 of 1st period - Icing by Jamie McBain.
0:41 of 1st period - Derick Brassard wins face-off versus Henrik Sedin in Blackhawks zone.
1:00 of 1st period - Off-side.
1:01 of 1st period - Jordan Staal wins face-off versus Henrik Sedin in neutral zone.
1:06 of 1st period - Snap shot by Jordan Staal.
1:06 of 1st period - Goal by Jordan Staal - Blackhawks : 1 - Bruins : 0.
1:07 of 1st period - Jonathan Toews wins face-off versus Derick Brassard in neutral zone.
1:16 of 1st period - Wrist shot by Jonathan Toews.
1:16 of 1st period - Shot Blocked by Matthew Spiller.
1:18 of 1st period - Slapshot by Johnny Boychuk.
1:18 of 1st period - Shot Misses the Net.
1:31 of 1st period - Icing by Nick Leddy.
1:32 of 1st period - Henrik Sedin wins face-off versus Jordan Staal in Blackhawks zone.
1:33 of 1st period - Slapshot by Wojtek Wolski.
1:33 of 1st period - Stopped by Jimmy Howard with a rebound.
2:33 of 1st period - Slapshot by Blake Wheeler.
2:33 of 1st period - Shot Misses the Net.
3:32 of 1st period - Blake Wheeler is hit by T.J Galiardi and loses puck.
3:41 of 1st period - Snap shot by T.J Galiardi.
3:41 of 1st period - Stopped by Jimmy Howard with a rebound.
4:02 of 1st period - Slapshot by Tim Connolly.
4:02 of 1st period - Goal by Tim Connolly - Blackhawks : 2 - Bruins : 0.
4:03 of 1st period - Jordan Staal wins face-off versus Henrik Sedin in neutral zone.
4:12 of 1st period - Slapshot by Wojtek Wolski.
4:12 of 1st period - Shot Misses the Net.
4:14 of 1st period - Slapshot by Jason Demers.
4:14 of 1st period - Shot Misses the Net.
4:16 of 1st period - Wrist shot by Henrik Sedin.
4:16 of 1st period - Shot Hit the Post.
4:18 of 1st period - Snap shot by Henrik Sedin.
4:18 of 1st period - Bruins goal is going for a video replay.
4:18 of 1st period - The goal is refused. The net was displaced accidentally..
4:19 of 1st period - Derick Brassard wins face-off versus Jonathan Toews in Blackhawks zone.
4:24 of 1st period - Snap shot by Johnny Gaudreau.
4:24 of 1st period - Shot Misses the Net.
4:44 of 1st period - Zack Kassian is hit by Rick Nash and loses puck.
5:07 of 1st period - Wrist shot by Tim Connolly.
5:07 of 1st period - Stopped by Kevin Poulin with a rebound.
5:39 of 1st period - Minor Penalty to Mike Comrie for Holding.
5:40 of 1st period - Henrik Sedin wins face-off versus Antoine Roussel in Blackhawks zone.
5:40 of 1st period - Snap shot by Wojtek Wolski.
5:40 of 1st period - Stopped by Jimmy Howard without a rebound.
5:41 of 1st period - Antoine Roussel wins face-off versus Henrik Sedin in Blackhawks zone.
6:18 of 1st period - Victor Oreskovich is hit by Jordan Staal and loses puck.
7:21 of 1st period - Jonathan Toews is hit by Jordan Staal and loses puck.
7:39 of 1st period - Penalty to Mike Comrie is over, Mike Comrie is back on ice.
8:30 of 1st period - Slapshot by Derick Brassard.
8:30 of 1st period - Shot Misses the Net.
8:48 of 1st period - Snap shot by Antoine Roussel.
8:48 of 1st period - Stopped by Kevin Poulin with a rebound.
9:05 of 1st period - Gabriel Bourque is hit by Zack Kassian.
10:35 of 1st period - Gustav Nyquist is hit by Slava Voynov.
10:51 of 1st period - Snap shot by Scott Hartnell.
10:51 of 1st period - Shot Misses the Net.
10:53 of 1st period - Wrist shot by Victor Oreskovich.
10:53 of 1st period - Shot Misses the Net.
10:55 of 1st period - Wrist shot by Jonathan Toews.
10:55 of 1st period - Shot Blocked by Ryan Whitney.
10:57 of 1st period - Wrist shot by Scott Hartnell.
10:57 of 1st period - Shot Misses the Net.
11:17 of 1st period - Wrist shot by Derick Brassard.
11:17 of 1st period - Stopped by Kevin Poulin without a rebound.
11:18 of 1st period - Derick Brassard wins face-off versus Henrik Sedin in Bruins zone.
11:50 of 1st period - Jonathan Toews is hit by Rick Nash and loses puck.
12:09 of 1st period - Matt Read is hit by Ryan Whitney and loses puck.
12:55 of 1st period - Jamie McBain is hit by Scott Hartnell and loses puck.
13:02 of 1st period - Wrist shot by Jonathan Toews.
13:02 of 1st period - Shot Blocked by Jamie McBain.
13:04 of 1st period - Slapshot by Dan Hamhuis.
13:04 of 1st period - Shot Blocked by Mike Comrie.
13:06 of 1st period - Slapshot by Jason Demers.
13:06 of 1st period - Deflect By Jamie McBain.
13:06 of 1st period - Stopped by Jimmy Howard without a rebound.
13:07 of 1st period - Jordan Staal wins face-off versus T.J Galiardi in Blackhawks zone.
13:37 of 1st period - Dan Hamhuis is hit by Dustin Kohn and loses puck.
14:02 of 1st period - Wrist shot by Patrick Marleau.
14:02 of 1st period - Shot Misses the Net.
14:04 of 1st period - Wrist shot by Dustin Kohn.
14:04 of 1st period - Shot Misses the Net.
14:44 of 1st period - Rick Nash is hit by Henrik Sedin and loses puck.
14:55 of 1st period - Antoine Roussel is hit by Brendan Smith and loses puck.
15:22 of 1st period - Snap shot by T.J Galiardi.
15:22 of 1st period - Shot Misses the Net.
15:28 of 1st period - Dan Hamhuis is hit by Johnny Gaudreau and loses puck.
16:32 of 1st period - Slapshot by Victor Oreskovich.
16:32 of 1st period - Stopped by Jimmy Howard with a rebound.
16:42 of 1st period - Snap shot by Jonathan Toews.
16:42 of 1st period - Goal by Jonathan Toews - Blackhawks : 2 - Bruins : 1.
16:43 of 1st period - Jordan Staal wins face-off versus Henrik Sedin in neutral zone.
16:46 of 1st period - Slapshot by Nick Leddy.
16:46 of 1st period - Shot Blocked by Jason Demers.
16:55 of 1st period - Off-side.
16:56 of 1st period - Henrik Sedin wins face-off versus Rick Nash in neutral zone.
17:00 of 1st period - Minor Penalty to Jamie McBain for Roughing.
17:01 of 1st period - Antoine Roussel wins face-off versus Henrik Sedin in Blackhawks zone.
17:16 of 1st period - Wrist shot by Wojtek Wolski.
17:16 of 1st period - Stopped by Jimmy Howard without a rebound.
17:17 of 1st period - Henrik Sedin wins face-off versus Antoine Roussel in Blackhawks zone.
18:34 of 1st period - Patrick Marleau is hit by Victor Oreskovich and loses puck.
19:00 of 1st period - Penalty to Jamie McBain is over, Jamie McBain is back on ice.
19:32 of 1st period - Icing by Torey Krug.
19:33 of 1st period - Mike Comrie wins face-off versus Mike Ribeiro in Blackhawks zone.
19:58 of 1st period - Derick Brassard is hit by Casey Cizikas and loses puck.
Goals for this period are 2 for Blackhawks vs 1 for Bruins.
Shots for this period are 6 for Blackhawks vs 8 for Bruins.
2nd period
0:01 of 2nd period - Henrik Sedin wins face-off versus Jordan Staal in neutral zone.
0:22 of 2nd period - Minor Penalty to Zack Kassian for Interference.
0:23 of 2nd period - Jordan Staal wins face-off versus T.J Galiardi in Bruins zone.
1:32 of 2nd period - Derick Brassard is hit by Kris Chucko and loses puck.
2:19 of 2nd period - Dan Hamhuis is hit by Mike Comrie.
2:22 of 2nd period - Penalty to Zack Kassian is over, Zack Kassian is back on ice.
2:29 of 2nd period - Wrist shot by Matt Read.
2:29 of 2nd period - Stopped by Jimmy Howard without a rebound.
2:30 of 2nd period - T.J Galiardi wins face-off versus Tim Connolly in Blackhawks zone.
3:12 of 2nd period - Wrist shot by Johnny Gaudreau.
3:12 of 2nd period - Shot Misses the Net.
3:14 of 2nd period - Slapshot by Matthew Spiller.
3:14 of 2nd period - Stopped by Kevin Poulin with a rebound.
3:28 of 2nd period - Snap shot by Antoine Roussel.
3:28 of 2nd period - Stopped by Kevin Poulin with a rebound.
3:30 of 2nd period - Backhand shot by Dustin Kohn.
3:30 of 2nd period - Deflect By Jordan Staal.
3:30 of 2nd period - Shot Misses the Net.
3:30 of 2nd period - Puck is out of play.
3:31 of 2nd period - Casey Cizikas wins face-off versus Jordan Staal in Bruins zone.
3:50 of 2nd period - Wrist shot by Antoine Roussel.
3:50 of 2nd period - Stopped by Kevin Poulin without a rebound.
3:51 of 2nd period - Henrik Sedin wins face-off versus Johnny Gaudreau in Bruins zone.
3:58 of 2nd period - Snap shot by Wojtek Wolski.
3:58 of 2nd period - Stopped by Jimmy Howard with a rebound.
4:04 of 2nd period - Nick Leddy is hit by Zack Kassian and loses puck.
4:19 of 2nd period - Wrist shot by Tim Connolly.
4:19 of 2nd period - Stopped by Kevin Poulin with a rebound.
4:41 of 2nd period - Matt Read is hit by Jordan Staal and loses puck.
4:50 of 2nd period - Snap shot by Jordan Staal.
4:50 of 2nd period - Shot Blocked by Brendan Smith.
4:52 of 2nd period - Snap shot by Antoine Roussel.
4:52 of 2nd period - Shot Blocked by Brendan Smith.
5:02 of 2nd period - Gabriel Bourque is hit by Rene Bourque.
5:06 of 2nd period - Slapshot by Jamie McBain.
5:06 of 2nd period - Shot Blocked by Brendan Smith.
5:22 of 2nd period - Snap shot by Wojtek Wolski.
5:22 of 2nd period - Shot Misses the Net.
5:26 of 2nd period - Wrist shot by Henrik Sedin.
5:26 of 2nd period - Shot Blocked by Dustin Kohn.
5:28 of 2nd period - Wrist shot by Zack Kassian.
5:28 of 2nd period - Shot Hit the Post.
5:33 of 2nd period - Minor Penalty to Ryan Whitney for Tripping.
5:34 of 2nd period - Henrik Sedin wins face-off versus Antoine Roussel in Blackhawks zone.
6:29 of 2nd period - Matthew Spiller is hit by Wojtek Wolski and loses puck.
7:33 of 2nd period - Penalty to Ryan Whitney is over, Ryan Whitney is back on ice.
7:43 of 2nd period - Slapshot by Mike Ribeiro.
7:43 of 2nd period - Stopped by Jimmy Howard without a rebound.
7:44 of 2nd period - Mike Comrie wins face-off versus Mike Ribeiro in Blackhawks zone.
7:56 of 2nd period - Backhand shot by T.J Galiardi.
7:56 of 2nd period - Stopped by Jimmy Howard with a rebound.
7:58 of 2nd period - Slapshot by Brendan Smith.
7:58 of 2nd period - Stopped by Jimmy Howard with a rebound.
8:06 of 2nd period - Snap shot by T.J Galiardi.
8:06 of 2nd period - Deflect By Mike Ribeiro.
8:06 of 2nd period - Stopped by Jimmy Howard without a rebound.
8:07 of 2nd period - Derick Brassard wins face-off versus Henrik Sedin in Blackhawks zone.
8:09 of 2nd period - Minor Penalty to Blake Wheeler for Roughing.
8:10 of 2nd period - Henrik Sedin wins face-off versus Antoine Roussel in Blackhawks zone.
8:36 of 2nd period - Scott Hartnell is hit by Johnny Gaudreau and loses puck.
8:45 of 2nd period - Slapshot by Johnny Gaudreau.
8:45 of 2nd period - Shot Misses the Net.
8:47 of 2nd period - Slapshot by Nick Leddy.
8:47 of 2nd period - Stopped by Kevin Poulin with a rebound.
8:49 of 2nd period - Wrist shot by Derick Brassard.
8:49 of 2nd period - Shot Blocked by Brendan Smith.
9:34 of 2nd period - Johnny Boychuk is hit by Derick Brassard and loses puck.
10:09 of 2nd period - Penalty to Blake Wheeler is over, Blake Wheeler is back on ice.
10:16 of 2nd period - Snap shot by Wojtek Wolski.
10:16 of 2nd period - Deflect By Torey Krug.
10:16 of 2nd period - Shot Misses the Net.
10:16 of 2nd period - Puck is out of play.
10:17 of 2nd period - Tim Connolly wins face-off versus Jonathan Toews in Blackhawks zone.
11:03 of 2nd period - Snap shot by Mike Comrie.
11:03 of 2nd period - Stopped by Kevin Poulin without a rebound.
11:04 of 2nd period - Mike Comrie wins face-off versus Casey Cizikas in Bruins zone.
11:05 of 2nd period - Wrist shot by Garnet Hathaway.
11:05 of 2nd period - Stopped by Kevin Poulin without a rebound.
11:06 of 2nd period - Mike Comrie wins face-off versus Jonathan Toews in Bruins zone.
11:16 of 2nd period - Off-side.
11:17 of 2nd period - Henrik Sedin wins face-off versus Jordan Staal in neutral zone.
11:17 of 2nd period - Wojtek Wolski is hit by Jordan Staal and loses puck.
11:21 of 2nd period - Off-side.
11:22 of 2nd period - Jordan Staal wins face-off versus Zack Kassian in neutral zone.
11:33 of 2nd period - Slapshot by Antoine Roussel.
11:33 of 2nd period - Shot Misses the Net.
11:50 of 2nd period - Minor Penalty to Victor Oreskovich for Hooking.
11:51 of 2nd period - Jordan Staal wins face-off versus Wojtek Wolski in Bruins zone.
12:07 of 2nd period - Snap shot by Rick Nash.
12:07 of 2nd period - Stopped by Kevin Poulin with a rebound.
12:25 of 2nd period - Snap shot by Henrik Sedin.
12:25 of 2nd period - Shot Misses the Net.
13:50 of 2nd period - Penalty to Victor Oreskovich is over, Victor Oreskovich is back on ice.
14:27 of 2nd period - Dan Hamhuis is hit by Matthew Spiller and loses puck.
14:42 of 2nd period - Tim Connolly is hit by Scott Hartnell.
14:56 of 2nd period - Snap shot by Matt Read.
14:56 of 2nd period - Goal by Matt Read - Blackhawks : 2 - Bruins : 2.
14:57 of 2nd period - Henrik Sedin wins face-off versus Jordan Staal in neutral zone.
15:06 of 2nd period - Snap shot by Zack Kassian.
15:06 of 2nd period - Shot Misses the Net.
15:28 of 2nd period - Off-side.
15:29 of 2nd period - Derick Brassard wins face-off versus Jonathan Toews in neutral zone.
15:34 of 2nd period - Wrist shot by Johnny Gaudreau.
15:34 of 2nd period - Shot Blocked by Johnny Boychuk.
15:36 of 2nd period - Wrist shot by Blake Wheeler.
15:36 of 2nd period - Deflect By Johnny Gaudreau.
15:36 of 2nd period - Stopped by Kevin Poulin with a rebound.
15:38 of 2nd period - Slapshot by Dustin Kohn.
15:38 of 2nd period - Shot Misses the Net.
15:40 of 2nd period - Snap shot by Blake Wheeler.
15:40 of 2nd period - Shot Misses the Net.
15:46 of 2nd period - Snap shot by Johnny Gaudreau.
15:46 of 2nd period - Shot Misses the Net.
15:56 of 2nd period - Dustin Kohn is hit by Wojtek Wolski and loses puck.
16:01 of 2nd period - Wrist shot by Zack Kassian.
16:01 of 2nd period - Stopped by Jimmy Howard without a rebound.
16:02 of 2nd period - Henrik Sedin wins face-off versus Jordan Staal in Blackhawks zone.
16:06 of 2nd period - Wrist shot by Wojtek Wolski.
16:06 of 2nd period - Shot Misses the Net.
16:10 of 2nd period - Slapshot by Zack Kassian.
16:10 of 2nd period - Shot Blocked by Jamie McBain.
16:12 of 2nd period - Slapshot by Brendan Smith.
16:12 of 2nd period - Deflect By Wojtek Wolski.
16:12 of 2nd period - Shot Blocked by Jordan Staal.
16:12 of 2nd period - Puck is out of play.
16:13 of 2nd period - Jordan Staal wins face-off versus Wojtek Wolski in Blackhawks zone.
16:13 of 2nd period - Jordan Staal is hit by Zack Kassian.
16:19 of 2nd period - Wrist shot by Antoine Roussel.
16:19 of 2nd period - Shot Misses the Net.
16:29 of 2nd period - Snap shot by Wojtek Wolski.
16:29 of 2nd period - Goal by Wojtek Wolski - Blackhawks : 2 - Bruins : 3.
16:30 of 2nd period - Henrik Sedin wins face-off versus Jordan Staal in neutral zone.
16:56 of 2nd period - Icing by Torey Krug.
16:57 of 2nd period - Jonathan Toews wins face-off versus Derick Brassard in Blackhawks zone.
16:58 of 2nd period - Snap shot by Victor Oreskovich.
16:58 of 2nd period - Shot Misses the Net.
17:12 of 2nd period - Wrist shot by Derick Brassard.
17:12 of 2nd period - Stopped by Kevin Poulin with a rebound.
17:28 of 2nd period - Wrist shot by Antoine Roussel.
17:28 of 2nd period - Goal by Antoine Roussel - Blackhawks : 3 - Bruins : 3.
17:29 of 2nd period - Jordan Staal wins face-off versus Henrik Sedin in neutral zone.
17:41 of 2nd period - Icing by Brendan Smith.
17:42 of 2nd period - Henrik Sedin wins face-off versus Antoine Roussel in Bruins zone.
18:05 of 2nd period - Snap shot by Wojtek Wolski.
18:05 of 2nd period - Stopped by Jimmy Howard with a rebound.
18:07 of 2nd period - Slapshot by Wojtek Wolski.
18:07 of 2nd period - Shot Blocked by Torey Krug.
18:09 of 2nd period - Snap shot by Wojtek Wolski.
18:09 of 2nd period - Shot Misses the Net.
18:11 of 2nd period - Wrist shot by Henrik Sedin.
18:11 of 2nd period - Deflect By Zack Kassian.
18:11 of 2nd period - Stopped by Jimmy Howard without a rebound.
18:12 of 2nd period - Scott Hartnell wins face-off versus Derick Brassard in Blackhawks zone.
18:15 of 2nd period - Snap shot by Victor Oreskovich.
18:15 of 2nd period - Stopped by Jimmy Howard with a rebound.
18:17 of 2nd period - Snap shot by Scott Hartnell.
18:17 of 2nd period - Stopped by Jimmy Howard without a rebound.
18:18 of 2nd period - Derick Brassard wins face-off versus Jonathan Toews in Blackhawks zone.
18:18 of 2nd period - Derick Brassard is hit by Dan Hamhuis.
18:28 of 2nd period - Wrist shot by Victor Oreskovich.
18:28 of 2nd period - Stopped by Jimmy Howard with a rebound.
18:30 of 2nd period - Wrist shot by Dan Hamhuis.
18:30 of 2nd period - Stopped by Jimmy Howard without a rebound.
18:31 of 2nd period - Henrik Sedin wins face-off versus Jordan Staal in Blackhawks zone.
19:09 of 2nd period - Wrist shot by Victor Oreskovich.
19:09 of 2nd period - Deflect By Scott Hartnell.
19:09 of 2nd period - Stopped by Jimmy Howard with a rebound.
19:49 of 2nd period - Snap shot by Garnet Hathaway.
19:49 of 2nd period - Shot Blocked by Rene Bourque.
19:51 of 2nd period - Backhand shot by Jamie McBain.
19:51 of 2nd period - Shot Blocked by Dan Hamhuis.
Goals for this period are 1 for Blackhawks vs 2 for Bruins.
Shots for this period are 11 for Blackhawks vs 16 for Bruins.
3rd period
0:01 of 3rd period - Henrik Sedin wins face-off versus Jordan Staal in neutral zone.
0:08 of 3rd period - Snap shot by Antoine Roussel.
0:08 of 3rd period - Stopped by Kevin Poulin with a rebound.
0:37 of 3rd period - Wrist shot by Derick Brassard.
0:37 of 3rd period - Shot Blocked by Brendan Smith.
0:39 of 3rd period - Slapshot by Torey Krug.
0:39 of 3rd period - Stopped by Kevin Poulin without a rebound.
0:40 of 3rd period - Jonathan Toews wins face-off versus Jordan Staal in Bruins zone.
2:38 of 3rd period - Snap shot by Wojtek Wolski.
2:38 of 3rd period - Stopped by Jimmy Howard with a rebound.
3:04 of 3rd period - Jason Demers is hit by Mike Comrie and loses puck.
3:57 of 3rd period - Dustin Kohn is hit by Henrik Sedin and loses puck.
5:05 of 3rd period - Snap shot by Mike Ribeiro.
5:05 of 3rd period - Shot Blocked by Blake Wheeler.
5:39 of 3rd period - Icing by Brendan Smith.
5:40 of 3rd period - Henrik Sedin wins face-off versus Jordan Staal in Bruins zone.
5:54 of 3rd period - Backhand shot by Jordan Staal.
5:54 of 3rd period - Deflect By Zack Kassian.
5:54 of 3rd period - Stopped by Kevin Poulin without a rebound.
5:55 of 3rd period - Jordan Staal wins face-off versus Jonathan Toews in Bruins zone.
6:16 of 3rd period - Minor Penalty to Jonathan Toews for Hooking.
6:17 of 3rd period - Wojtek Wolski wins face-off versus Jordan Staal in Bruins zone.
6:28 of 3rd period - Snap shot by Rick Nash.
6:28 of 3rd period - Goal by Rick Nash - Blackhawks : 4 - Bruins : 3.
6:29 of 3rd period - Jordan Staal wins face-off versus Henrik Sedin in neutral zone.
6:40 of 3rd period - Snap shot by Antoine Roussel.
6:40 of 3rd period - Stopped by Kevin Poulin with a rebound.
6:42 of 3rd period - Snap shot by Rick Nash.
6:42 of 3rd period - Deflect By Jordan Staal.
6:42 of 3rd period - Shot Hit the Post.
6:42 of 3rd period - Puck is out of play.
6:43 of 3rd period - Henrik Sedin wins face-off versus Jordan Staal in Bruins zone.
7:14 of 3rd period - Major Penalty to Jason Demers for Kneeing.
7:15 of 3rd period - Derick Brassard wins face-off versus Zack Kassian in Bruins zone.
7:55 of 3rd period - Snap shot by Jordan Staal.
7:55 of 3rd period - Stopped by Kevin Poulin with a rebound.
9:05 of 3rd period - Icing by Jamie McBain.
9:06 of 3rd period - Derick Brassard wins face-off versus T.J Galiardi in Blackhawks zone.
9:17 of 3rd period - T.J Galiardi is hit by Jordan Staal and loses puck.
9:56 of 3rd period - Henrik Sedin is hit by Antoine Roussel and loses puck.
10:28 of 3rd period - Wojtek Wolski is hit by Jordan Staal and loses puck.
10:45 of 3rd period - Kris Chucko is hit by Rick Nash.
10:49 of 3rd period - Matthew Spiller is hit by T.J Galiardi and loses puck.
12:14 of 3rd period - Penalty to Jason Demers is over, Jason Demers is back on ice.
12:42 of 3rd period - Matthew Spiller is hit by Kris Chucko and loses puck.
12:55 of 3rd period - Dustin Kohn is hit by Victor Oreskovich and loses puck.
13:13 of 3rd period - Icing by Ryan Whitney.
13:14 of 3rd period - Jordan Staal wins face-off versus Mike Ribeiro in Blackhawks zone.
13:53 of 3rd period - Jonathan Toews is hit by Nick Leddy and loses puck.
14:07 of 3rd period - Minor Penalty to Blake Wheeler for Slashing.
14:08 of 3rd period - Jordan Staal wins face-off versus Henrik Sedin in Blackhawks zone.
14:08 of 3rd period - Jordan Staal is hit by Brendan Smith.
14:20 of 3rd period - Jordan Staal is hit by Brendan Smith and loses puck.
16:07 of 3rd period - Penalty to Blake Wheeler is over, Blake Wheeler is back on ice.
16:24 of 3rd period - Snap shot by Matt Read.
16:24 of 3rd period - Deflect By T.J Galiardi.
16:24 of 3rd period - Shot Misses the Net.
16:24 of 3rd period - Puck is out of play.
16:25 of 3rd period - Mike Ribeiro wins face-off versus Derick Brassard in Blackhawks zone.
16:26 of 3rd period - Slapshot by T.J Galiardi.
16:26 of 3rd period - Goal by T.J Galiardi - Blackhawks : 4 - Bruins : 4.
16:27 of 3rd period - Tim Connolly wins face-off versus Mike Ribeiro in neutral zone.
16:30 of 3rd period - Brendan Smith is hit by Gustav Nyquist and loses puck.
16:36 of 3rd period - Icing by Mike Ribeiro.
16:37 of 3rd period - Mike Ribeiro wins face-off versus Tim Connolly in Bruins zone.
16:52 of 3rd period - Slapshot by Jason Demers.
16:52 of 3rd period - Deflect By T.J Galiardi.
16:52 of 3rd period - Shot Misses the Net.
16:52 of 3rd period - Puck is out of play.
16:53 of 3rd period - Henrik Sedin wins face-off versus Jordan Staal in Blackhawks zone.
17:28 of 3rd period - Snap shot by Tim Connolly.
17:28 of 3rd period - Stopped by Kevin Poulin without a rebound.
17:29 of 3rd period - Mike Ribeiro wins face-off versus Tim Connolly in Bruins zone.
17:40 of 3rd period - Wrist shot by Gustav Nyquist.
17:40 of 3rd period - Stopped by Kevin Poulin without a rebound.
17:41 of 3rd period - Mike Ribeiro wins face-off versus Tim Connolly in Bruins zone.
17:50 of 3rd period - Slapshot by Dan Hamhuis.
17:50 of 3rd period - Stopped by Jimmy Howard without a rebound.
17:51 of 3rd period - Mike Ribeiro wins face-off versus Tim Connolly in Blackhawks zone.
17:52 of 3rd period - Snap shot by Matt Read.
17:52 of 3rd period - Shot Blocked by Jamie McBain.
18:00 of 3rd period - Snap shot by Tim Connolly.
18:00 of 3rd period - Stopped by Kevin Poulin with a rebound.
18:02 of 3rd period - Wrist shot by Patrick Marleau.
18:02 of 3rd period - Shot Misses the Net.
18:04 of 3rd period - Wrist shot by Gustav Nyquist.
18:04 of 3rd period - Shot Blocked by Dan Hamhuis.
18:30 of 3rd period - Snap shot by Tim Connolly.
18:30 of 3rd period - Stopped by Kevin Poulin with a rebound.
18:32 of 3rd period - Slapshot by Torey Krug.
18:32 of 3rd period - Deflect By Patrick Marleau.
18:32 of 3rd period - Stopped by Kevin Poulin without a rebound.
18:33 of 3rd period - Wojtek Wolski wins face-off versus Jordan Staal in Bruins zone.
18:33 of 3rd period - Wojtek Wolski is hit by Jordan Staal.
18:58 of 3rd period - Minor Penalty to Henrik Sedin for Cross-checking.
18:59 of 3rd period - Wojtek Wolski wins face-off versus Jordan Staal in Bruins zone.
19:12 of 3rd period - Jason Demers is hit by Jordan Staal.
19:37 of 3rd period - Slapshot by Jamie McBain.
19:37 of 3rd period - Stopped by Kevin Poulin without a rebound.
19:38 of 3rd period - Jordan Staal wins face-off versus T.J Galiardi in Bruins zone.
19:39 of 3rd period - Slapshot by Rick Nash.
19:39 of 3rd period - Stopped by Kevin Poulin with a rebound.
19:41 of 3rd period - Slapshot by Matthew Spiller.
19:41 of 3rd period - Stopped by Kevin Poulin without a rebound.
19:42 of 3rd period - Jordan Staal wins face-off versus Wojtek Wolski in Bruins zone.
Goals for this period are 1 for Blackhawks vs 1 for Bruins.
Shots for this period are 14 for Blackhawks vs 3 for Bruins.
Overtime #1
0:01 of 1st overtime period - Wojtek Wolski wins face-off versus Antoine Roussel in neutral zone.
0:48 of 1st overtime period - Snap shot by Nick Leddy.
0:48 of 1st overtime period - Stopped by Kevin Poulin without a rebound.
0:49 of 1st overtime period - T.J Galiardi wins face-off versus Antoine Roussel in Bruins zone.
0:58 of 1st overtime period - Penalty to Henrik Sedin is over, Henrik Sedin is back on ice.
1:13 of 1st overtime period - Icing by Jamie McBain.
1:14 of 1st overtime period - Wojtek Wolski wins face-off versus Antoine Roussel in Blackhawks zone.
2:27 of 1st overtime period - Jason Demers is hit by Johnny Gaudreau.
2:30 of 1st overtime period - Icing by Henrik Sedin.
2:31 of 1st overtime period - Antoine Roussel wins face-off versus Henrik Sedin in Bruins zone.
2:54 of 1st overtime period - Dan Hamhuis is hit by Nick Leddy and loses puck.
3:09 of 1st overtime period - Jordan Staal is hit by Jonathan Toews and loses puck.
4:03 of 1st overtime period - T.J Galiardi is hit by Patrick Marleau and loses puck.
4:34 of 1st overtime period - Matt Read is hit by Dustin Kohn and loses puck.
Goals for this period are 0 for Blackhawks vs 0 for Bruins.
Shots for this period are 1 for Blackhawks vs 0 for Bruins.
ShootOut
5:00 of 1st overtime period - Round #1.
5:00 of 1st overtime period - Blackhawks, Antoine Roussel.
5:00 of 1st overtime period - Wrist shot by Antoine Roussel.
5:00 of 1st overtime period - Shot Misses the Net.
5:00 of 1st overtime period - Bruins, Wojtek Wolski.
5:00 of 1st overtime period - Deke by Wojtek Wolski.
5:00 of 1st overtime period - Goal by Wojtek Wolski.
5:00 of 1st overtime period - Round #2.
5:00 of 1st overtime period - Blackhawks, Jordan Staal.
5:00 of 1st overtime period - Wrist shot by Jordan Staal.
5:00 of 1st overtime period - Goal by Jordan Staal.
5:00 of 1st overtime period - Bruins, Zack Kassian.
5:00 of 1st overtime period - Deke by Zack Kassian.
5:00 of 1st overtime period - Stopped by Jimmy Howard.
5:00 of 1st overtime period - Round #3.
5:00 of 1st overtime period - Blackhawks, Derick Brassard.
5:00 of 1st overtime period - Snap shot by Derick Brassard.
5:00 of 1st overtime period - Shot Misses the Net.
5:00 of 1st overtime period - Bruins, Henrik Sedin.
5:00 of 1st overtime period - Deke by Henrik Sedin.
5:00 of 1st overtime period - Stopped by Jimmy Howard.
5:00 of 1st overtime period - Round #4.
5:00 of 1st overtime period - Blackhawks, Johnny Gaudreau.
5:00 of 1st overtime period - Wrist shot by Johnny Gaudreau.
5:00 of 1st overtime period - Stopped by Kevin Poulin.
5:00 of 1st overtime period - Bruins, Jonathan Toews.
5:00 of 1st overtime period - Wrist shot by Jonathan Toews.
5:00 of 1st overtime period - Shot Misses the Net.
5:00 of 1st overtime period - Round #5.
5:00 of 1st overtime period - Blackhawks, Rick Nash.
5:00 of 1st overtime period - Snap shot by Rick Nash.
5:00 of 1st overtime period - Stopped by Kevin Poulin.
5:00 of 1st overtime period - Bruins, Scott Hartnell.
5:00 of 1st overtime period - Wrist shot by Scott Hartnell.
5:00 of 1st overtime period - Goal by Scott Hartnell.
Output by the SimonT Hockey Simulator (STHS) for Francois Prevost